Map: Ruins of Seras

Players

lesha

  • Race: Terran Terran

A.I. 1 (Harder) - Winner!

  • Race: Protoss Protoss

VOD

Have the link to the VOD?

Description

Time

  • Played on: Dec. 2, 2015, 11:28 a.m.
  • Length: 7:32
Show
View Real Time Build Order
Export as new Build Order

lesha Terran 

Build Orders:  

Get SALT Encoding   

  12  0:02  SCV  
  13  0:14  SCV  
  13  0:18  Supply Depot  
  14  0:29  SCV  
  15  0:43  SCV, Barracks  
  16  1:02  SCV  
  17  1:09  Refinery  
  17  1:14  SCV  
  18  1:29  Orbital Command  
  18  1:32  Marine  
  19  1:47  Command Center  
  19  1:56  SCV  
  20  2:08  SCV  
  21  2:12  Supply Depot  
  21  2:16  Marine  
  21  2:20  SCV  
  23  2:27  Refinery  
  23  2:34  SCV, Marine  
  25  2:42  Factory  
  25  2:46  SCV  
  26  2:58  SCV  
  26  3:01  SCV  
  28  3:10  SCV  
  29  3:15  Orbital Command  
  29  3:22  SCV  
  30  3:32  Starport  
  30  3:37  SCV, Supply Depot  
  31  3:45  Barracks Tech Lab  
  31  3:46  Factory Tech Lab  
  31  3:49  SCV  
  31  4:10  SCV x2  
  31  4:14  Bunker  
  33  4:22  SCV x2  
  33  4:23  Barracks  
  35  4:28  Barracks x2  
  35  4:30  Barracks  
  35  4:36  Armory  
  35  4:45  Engineering Bay  
  35  4:47  Engineering Bay  
  35  4:55  SCV x2, Refinery  
  37  5:07  SCV x2  
  37  5:08  Marauder  
  37  5:10  Marine  
  37  5:12  Medivac  
  44  5:16  Terran Infantry Weapons Level 1, Terran Infantry Armor Level 1  
  44  5:19  SCV  
  45  5:21  Refinery  
  45  5:27  SCV  
  45  5:28  Marine  
  47  5:29  Marauder  
  47  5:31  SCV  
  50  5:37  Marine x2  
  50  5:39  SCV  
  54  5:43  Starport Reactor  
  54  5:47  Barracks Reactor  
  54  5:48  Barracks Reactor  
  53  5:53  Marine  
  54  5:59  Supply Depot  
  54  6:06  Supply Depot  
  54  6:08  Supply Depot x2  
  54  6:09  Supply Depot  
  54  6:10  Supply Depot  
  54  6:21  Marine  
  42  6:54  Marine  
  42  6:55  Marine x5  
Show
View Real Time Build Order
Export as new Build Order

A.I. 1 (Harder) Protoss - Winner!

Build Orders:  

Get SALT Encoding   

  12  0:01  Probe (Chrono Boost)  
  13  0:11  Probe (Chrono Boost)  
  14  0:21  Pylon  
  14  0:22  Probe (Chrono Boost)  
  15  0:39  Probe (Chrono Boost)  
  16  0:47  Assimilator  
  16  0:50  Probe (Chrono Boost), Gateway  
  17  0:59  Pylon  
  17  1:00  Probe (Chrono Boost)  
  19  1:11  Probe (Chrono Boost)  
  19  1:22  Probe (Chrono Boost)  
  20  1:36  Zealot  
  22  1:43  Cybernetics Core  
  22  1:45  Gateway  
  22  1:48  Assimilator  
  22  2:06  Pylon  
  22  2:13  Zealot  
  22  2:15  Warp Gate  
  24  2:31  Adept  
  26  2:39  Stalker  
  28  2:48  Pylon  
  28  2:56  Stalker  
  30  3:08  Probe (Chrono Boost)  
  30  3:09  Adept  
  34  3:20  Probe (Chrono Boost)  
  34  3:25  Stalker, Pylon  
  36  3:31  Probe (Chrono Boost)  
  37  3:34  Stalker  
  37  3:39  Forge  
  39  3:43  Probe (Chrono Boost)  
  40  3:53  Stalker  
  40  3:55  Probe (Chrono Boost)  
  43  4:06  Probe (Chrono Boost)  
  44  4:39  Protoss Ground Weapons Level 1  
  44  4:44  Sentry  
  46  4:46  Gateway  
  46  4:48  Pylon  
  46  4:52  Sentry  
  48  4:56  Photon Cannon  
  48  5:04  Nexus  
  48  5:06  Stalker  
  50  5:13  Sentry  
  52  5:26  Twilight Council  
  52  5:28  Stalker  
  54  5:46  Sentry  
  54  5:48  Photon Cannon  
  56  6:04  Robotics Facility  
  56  6:06  Pylon  
  56  6:17  Probe x2 (Chrono Boost)  
  58  6:27  Assimilator  
  58  6:29  Probe x2 (Chrono Boost)  
  58  6:35  Stalker  
  62  6:40  Probe (Chrono Boost)  
  62  6:41  Probe (Chrono Boost)  
  62  6:48  Pylon  
  62  6:50  Observer  
  62  6:52  Pylon  
  62  6:53  Probe (Chrono Boost)  
  65  6:54  Probe (Chrono Boost)  
  65  7:04  Probe (Chrono Boost)  
  65  7:05  Probe (Chrono Boost)  
  67  7:08  Stargate  
  67  7:10  Observer  
  69  7:15  Probe (Chrono Boost)  
  69  7:17  Photon Cannon  
  69  7:18  Probe (Chrono Boost)  
  70  7:29  Photon Cannon  
Tags
 
Add a new tag
Caveats
  • Supply blocks, unpowered buildings, or Contaminate may cause inaccurate times.
  • Supply counts are checked every 10 seconds.